 Dungeon Crawl Stone Soup version 0.24-b1 (webtiles) character file.

Game seed: 11137512728485230215, levelgen mode: deterministic

60 Arixos the Charmwright (level 4, -1/23 HPs)
             Began as a Vine Stalker Skald on Oct 13, 2019.
             Slain by Crazy Yiuf
             ... wielding a +2 quarterstaff of chaos
              (3 damage)
             ... while petrified by Crazy Yiuf
             ... on level 2 of the Dungeon.
             The game lasted 00:03:57 (1374 turns).

Arixos the Charmwright (Vine Stalker Skald)         Turns: 1374, Time: 00:03:58

Health: -1/23      AC:  3    Str: 13    XL:     4   Next: 6%
Magic:  0/8        EV:  2    Int: 13    God:
Gold:   33         SH:  0    Dex: 15    Spells: 1/7 levels left

rFire    . . .     SeeInvis .   a - +0 falchion
rCold    . . .     Gourm    .   (no shield)
rNeg     + + +     Faith    .   b - +0 leather armour
rPois    ∞         Spirit   +   (no helmet)
rElec    .         Reflect  .   (no cloak)
rCorr    .         Harm     .   (no gloves)
MR       .....                  (no boots)
Stlth    ++........             (no amulet)
HPRegen  0.47/turn              (no ring)
MPRegen  0.11/turn              (no ring)

@: petrified, very slightly contaminated
A: fangs 2, regeneration 1, magic shield, antimagic bite, no potion heal 3, rot
immunity
a: no special abilities


You were on level 2 of the Dungeon.
You were not hungry.

You visited 1 branch of the dungeon, and saw 2 of its levels.

You collected 33 gold pieces.

Inventory:

Hand Weapons
 a - a +0 falchion (weapon)
Armour
 b - a +0 leather armour (worn)
Wands
 l - a wand of random effects (20)
 o - a wand of digging (7)
Scrolls
 c - 3 scrolls of remove curse {unknown}
 g - a scroll of magic mapping {unknown}
 i - a scroll of blinking {unknown}
 k - a scroll of fear {unknown}
Potions
 e - a potion of curing {unknown}
 f - a potion of brilliance {unknown}
 h - a potion of heal wounds {unknown}
 j - a potion of lignification {unknown}
 m - a potion of degeneration {unknown}
Comestibles
 d - 2 rations
 n - 4 chunks of flesh


   Skills:
 + Level 2.1 Fighting
 + Level 2.1 Long Blades
 + Level 1.1 Armour
 + Level 1.9 Dodging
 + Level 1.7 Stealth
 + Level 2.4 Spellcasting
 + Level 3.2 Charms
 + Level 0.4 Necromancy
 + Level 0.6 Translocations


You had one spell level left.
You knew the following spells:

 Your Spells              Type           Power        Failure   Level  Hunger
a - Infusion              Chrm           ##..         9%          1    #......
r - Regeneration          Chrm/Necr      #.........   41%         3    ###....
s - Shroud of Golubria    Chrm/Tloc      #.....       22%         2    ###....

Your spell library contained the following spells:

 Spells                   Type           Power        Failure   Level  Hunger
 Song of Slaying          Chrm           ##......     12%         2    ###....
 Spectral Weapon          Hex/Chrm       #.......     43%         3    ###....


Dungeon Overview and Level Annotations

Branches:
Dungeon (2/15)

Altars:

Annotations:
D:2 Crazy Yiuf


Innate Abilities, Weirdness & Mutations

You have extremely sharp teeth.
Your natural rate of healing is unusually fast.
When hurt, damage is shared between your health and your magic reserves.
Your bite disrupts and absorbs the magic of your enemies.
Potions cannot restore your health.
You are immune to rotting.


Message History

You are very lightly contaminated with residual magic.
Your hands glow momentarily.
Crazy Yiuf whimpers, "Lay illywillydillykilly chair!"
Crazy Yiuf misses you.
You hit Crazy Yiuf but do no damage.
Crazy Yiuf is heavily wounded.
Crazy Yiuf hits you with a +2 quarterstaff of chaos!
* * * LOW HITPOINT WARNING * * *
You feel your power leaking away.
You hit Crazy Yiuf but do no damage. You bite Crazy Yiuf, but do no damage.
Crazy Yiuf is heavily wounded.
Crazy Yiuf hits you but does no damage.
You are slowing down.
You barely miss Crazy Yiuf.
Crazy Yiuf is heavily wounded.
Crazy Yiuf hits you with a +2 quarterstaff of chaos.
* * * LOW HITPOINT WARNING * * *
Crazy Yiuf burns you.
You have turned to stone.
Crazy Yiuf hits you with a +2 quarterstaff of chaos!
You die...

#....# ###..(..#
#..#.# ##...##
#....# ##.##
#.#### ##### #.#
#.# #..)# #.#
###.# #...# #.#
#...# ### ... #.#
#.### #.# #g## #.#
#.# #.# ##@.# #.#
#.# #.# #..## #.#
.####.#####.###.##
#.#
.........)..##.##
###.#
.####.####..#.#.#
#...# #)#
#...#...# #####
..# #..##....#
##.# #.## +..+#
... ...# ...#


You could see Crazy Yiuf.

Vanquished Creatures
  Jessica (D:2)
  2 worms
  3 giant cockroaches (D:1)
  2 goblins
  4 hobgoblins (D:1)
  4 jackals (D:1)
  2 bats
  4 kobolds
  6 rats (D:1)
28 creatures vanquished.

Notes
Turn   | Place    | Note
-------+----------+-------------------------------------------
     0 | D:1      | Arixos the Vine Stalker Skald began the quest for the Orb.
     0 | D:1      | Reached XP level 1. HP: 11/11 MP: 4/4
    80 | D:1      | Reached XP level 2. HP: 10/15 MP: 6/6
    86 | D:1      | Learned a level 2 spell: Shroud of Golubria
   490 | D:1      | Reached skill level 1 in Stealth
   497 | D:1      | Reached skill level 1 in Armour
   717 | D:1      | Reached XP level 3. HP: 16/18 MP: 5/7
   722 | D:1      | Learned a level 3 spell: Regeneration
  1174 | D:2      | Found a faded altar of an unknown god.
  1280 | D:2      | Noticed Jessica
  1304 | D:2      | Killed Jessica
  1304 | D:2      | Gained mutation: Your natural rate of healing is unusually
                  | fast. [Vine Stalker growth]
  1304 | D:2      | Reached XP level 4. HP: 16/23 MP: 1/8
  1313 | D:2      | Found a runed translucent door.
  1315 | D:2      | Noticed Crazy Yiuf
  1371 | D:2      | HP: 1/23 [Crazy Yiuf/+2 quarterstaff of chaos (8)]
  1374 | D:2      | Slain by Crazy Yiuf

Skill      XL: |  1  2  3 |
---------------+----------+-----
Long Blades    | 2 |  2.1
Stealth        | 1 |  1.7
Armour         | 1 |  1.1
Fighting       | 2 |  2.1
Dodging        | |  1.9
Spellcasting   | |  2.4
Charms         | |  3.2
Necromancy     | |  0.4
Translocations | |  0.6

Action                   |  1- 3 |  4- 6 || total
-------------------------+-------+-------++-------
Melee: Falchion          |    72 |     8 ||    80
       Bite              |    23 |     2 ||    25
 Cast: Shroud of Golubri |     6 |     1 ||     7
 Stab: Sleeping          |     1 |       ||     1
  Eat: Chunk             |     2 |       ||     2
Armor: Leather armour    |    23 |       ||    23
Dodge: Dodged            |    52 |     2 ||    54
       Rpst.: Falchion   |    15 |       ||    15
